[Event "Late-Titled-Tuesday-Blitz-March-05-2024"]
[Site "Chess.com"]
[Date "2024.03.05"]
[Round "5"]
[White "AccioChess"]
[Black "dosto07"]
[Result "1-0"]
[WhiteElo "2408"]
[BlackElo "2507"]
[TimeControl "180+1"]
[EndTime "14:56:43 PST"]
[Termination "AccioChess won by resignation"]

1. e4 e5 2. Nf3 Nc6 3. Bb5 a6 4. Ba4 Nf6 5. O-O Be7 6. d3 b5 7. Bb3 d6 8. a4 b4 9. a5 O-O 10.
h3 Be6 11. c3 Qc8 12. Nbd2 Rb8 13. Bxe6 Qxe6 14. Nc4 bxc3 15. bxc3 Nxe4 16. Qa4 d5 17.
dxe4 dxc4 18. Nd2 Rb5 19. Nxc4 Rc5 20. Na3 Rxa5 21. Qc2 Rb8 22. Bb2 Qb3 23. Qxb3 Rxb3 24. Nc4 Rxa1 25. Rxa1 a5 26. Kf1 f6 27. Ke2 Kf7 28.
Kd3 Ke6 29. Kc2 Rb5 30. g4 g6 31. f3 Bc5 32. h4 Be7 33. Rh1 Rb8 34. h5 g5 35. Rd1 Ra8 36. Ne3 a4 37. Nd5 Bd6 38. Ra1 Ne7 39. Ne3 Bc5 40. Nc4 Nc8 41. Ba3 Bxa3 42. Nxa3 Nb6 43. Nb5 Kd7 44. Rd1+ Kc6 45. Na3 Rb8 46. Rb1 Nd7 47. Rb4 Rxb4 48. cxb4 Nb6 49.
Kc3 Nc8 50. Nc4 Nd6 51. Ne3 Nb5+ 52. Kb2 Nd4 53. Nd5 Nxf3 54. Nxf6 Nh2 55. Nxh7 Nxg4 56. Nf8 Kd6 57. Nh7 Nf2 58. Nxg5 Ke7 59. h6 Kf6 60. h7 Kg7 61. Ka3 Nd3 62. Kxa4 Nf4 63. Kb5 Ng6 64.
Kc6 Ne7+ 65. Kxc7 Ng6 66. Kd6 Kf6 67. Nf3 Kg7 68. Nxe5 Nf4 69. Nc6 Ne2 70. b5 Nc3 71. b6 Nb5+ 72. Kd7 Kxh7 73. b7 Nd4 74. b8=Q Nxc6 75.
Qh2+ Kg6 76. Kxc6 Kf6 77. Qe2 Ke5 78. Kc5 Ke6 79. Kc4 Ke5 80. Kc3 Ke6 81. Kd3 Ke5 82.
Ke3 Ke6 83. Qc4+ Kd6 84. Qd5+ Ke7 85. e5 Ke8 86. Ke4 Ke7 87. Kf5 Ke8 88. Qe6+ Kd8 89.
Kf6 Kc7 90. Qe7+ Kb6 91. Qd6+ Kb5 92. e6 Kc4 93. e7 Kc3 94. e8=Q Kc2 95. Qec6+ 1-0

[Event "Late-Titled-Tuesday-Blitz-March-05-2024"]
[Site "Chess.com"]
[Date "2024.03.05"]
[Round "5"]
[White "karinachess1"]
[Black "Eeleyah"]
[Result "1/2-1/2"]
[WhiteElo "2593"]
[BlackElo "2468"]
[TimeControl "180+1"]
[EndTime "14:56:47 PST"]
[Termination "Game drawn by repetition"]

1. d4 d5 2. c4 e6 3. Nc3 Nf6 4. cxd5 exd5 5. Bg5 Nbd7 6. e3 Bb4 7. Bd3 h6 8. Bh4 Qe7 9. Ne2 g5 10. Bg3 c6 11. a3 Ba5 12. Qc2 Nh5 13. O-O-O Nxg3 14. Nxg3 Nf6 15. e4 Bxc3 16. Qxc3 Nxe4 17. Bxe4 dxe4 18. Nxe4 Bf5 19. d5 O-O-O 20. Ng3 Bd7 21. Rhe1 Qd6 22. Kb1 Kb8 23. Ne4 Bf5 24. Ka1 Bxe4 25. Rxe4 cxd5 26. Red4 Rc8 27. Qd2 Rhd8 28. Rxd5 Qxd5 29. Qxd5 Rc1+ 30. Ka2 Rxd1 31. Qxf7 R1d6 32. g3 a6 33. f4 gxf4 34. gxf4 Ka8 35. Qe7 R6d7 36. Qe5 Rf7 37. Qh5 Rdf8 38. Qxh6 Rxf4 39. h4 R4f6 40. Qg7 R6f7 41. Qg5 Rh7 42. a4 Rfh8 43. b3 Rxh4 44. Ka3 Rh3 45. Qd5 Rc3 46. Kb2 Rcc8 47. Qe5 Rce8 48. Qg7 Reg8 49. Qd4 Rg2+ 50. Ka3 Rhh2 51. Qd8+ Ka7 52. Qd4+ Kb8 53. a5 Ra2+ 54. Kb4 Rag2 55. Qd8+ Ka7 56. Qd4+ Kb8 57. Qe5+ Ka8 58. Kc5 Rc2+ 59.
Kb4 Rc8 60. Qxh2 Rc6 61. Qd2 Ka7 62. Qd4+ Kb8 63. Ka4 Ka8 64. b4 Kb8 65. b5 axb5+ 66. Kxb5 Ka8 67. Qd8+ Ka7 68. Qd4+ Ka8 69. Qh8+ Ka7 70.
Qd8 Ra6 71. Qc7 Ka8 72. Qc8+ Ka7 73. Qc3 Rc6 74. Qb4 Ka8 75. Qe7 Ka7 76. Qd7 Ra6 77. Kb4 Rc6 78. Qd8 Ra6 79. Kb5 Rc6 80. Qd4+ Ka8 1/2-1/2

[Event "Late-Titled-Tuesday-Blitz-March-05-2024"]
[Site "Chess.com"]
[Date "2024.03.05"]
[Round "5"]
[White "CarlosjPineror"]
[Black "vugarrasulov"]
[Result "1/2-1/2"]
[WhiteElo "2757"]
[BlackElo "2952"]
[TimeControl "180+1"]
[EndTime "14:56:59 PST"]
[Termination "Game drawn - insufficient material"]

1. e4 c6 2. d4 d5 3. exd5 cxd5 4. Bd3 Nf6 5. c3 g6 6. h3 Bg7 7. Bf4 Nc6 8. Nd2 Bf5 9. Bxf5 gxf5 10. Ngf3 Ne4 11. Qb3 Qd7 12. O-O O-O 13. Rad1 e6 14.
Ne1 Kh8 15. f3 Nxd2 16. Rxd2 Na5 17. Qd1 Nc4 18. Re2 a5 19. Nd3 b6 20. Ne5 Nxe5 21. Bxe5 Bxe5 22. Rxe5 Rg8 23. Re2 a4 24. a3 Qb5 25.
Qe1 Rg6 26. Rd2 h6 27. Qe5+ Kh7 28. Rff2 Qc4 29. Kh2 Rag8 30. g4 fxg4 31. fxg4 R8g7 32. Rf3 Qc8 33. Rdf2 Qb7 34. Rf6 b5 35. Qe3 Qe7 36.
Qf4 Rxf6 37. Qxf6 Qc7+ 38. Kh1 Qc4 39. Qf3 Kg8 40. Qe3 Rg6 41. Kh2 Qc7+ 42. Qf4 Qxf4+ 43. Rxf4 Kf8 44. Kg3 Ke7 45. Kf3 Rg8 46. Kg3 h5 47. Rf2 hxg4 48. hxg4 Rh8 49. Rf1 f6 50. Re1 Rh7 51. Rf1 Rh8 52. Re1 Kd6 53. Rf1 Rh6 54. Re1 e5 55. Rf1 Ke6 56. Re1 e4 57. Rf1 Rg6 58. Kf4 Rh6 59. Kg3 Rh7 60. Re1 f5 61. gxf5+ Kxf5 62. Rf1+ Kg5 63. Rf8 Rh1 64. Rd8 Rg1+ 65.
Kf2 Rb1 66. Rxd5+ Kf4 67. Rxb5 Rc1 68. Ke2 Rc2+ 69. Kd1 Rh2 70. d5 Ke3 71. d6 Rd2+ 72.
Kc1 Rxd6 73. Rb4 Ra6 74. Rb8 Ke2 75. Re8 e3 76. Kc2 Rd6 77. c4 Rd2+ 78. Kc3 Rd3+ 79. Kb4 Rb3+ 80. Kxa4 Rxb2 81. c5 Kd3 82. c6 Rc2 83.
Re6 e2 84. Kb5 Rb2+ 85. Ka6 Rb3 86. c7 Rxa3+ 87. Kb7 Rb3+ 88. Ka8 Rc3 89. Kb7 Kd2 90. Rxe2+ Kxe2 91. c8=Q Rxc8 92. Kxc8 1/2-1/2

[Event "Late-Titled-Tuesday-Blitz-March-05-2024"]
[Site "Chess.com"]
[Date "2024.03.05"]
[Round "5"]
[White "zverr1"]
[Black "KetiTsatsalashvili"]
[Result "0-1"]
[WhiteElo "2586"]
[BlackElo "2478"]
[TimeControl "180+1"]
[EndTime "14:57:26 PST"]
[Termination "KetiTsatsalashvili won by checkmate"]

1. e4 c5 2. Nf3 d6 3. Nc3 Nf6 4. e5 dxe5 5. Nxe5 e6 6. Bb5+ Nbd7 7. d4 cxd4 8. Qxd4 a6 9. Bxd7+ Bxd7 10. Bg5 Bc6 11.
Nxc6 bxc6 12. Bxf6 Qxf6 13. Qe4 Rc8 14. O-O-O Be7 15.
f4 O-O 16. Rd7 Rfd8 17. Rhd1 h6 18. g3 Rxd7 19. Rxd7 Bf8 20. Qe5 Qg6 21. Na4 Qg4 22. Nb6 Re8 23. a3 Qf3 24. Kb1 Qh1+ 25. Ka2 Qxh2 26.
Qc3 Be7 27. Rc7 Bf6 28. Qxc6 Rf8 29. Nd7 Rd8 30. Rc8 Rxc8 31. Qxc8+ Kh7 32. Nf8+ Kg8 33.
Nxe6+ Kh7 34. Nf8+ Kg8 35. Nd7+ Kh7 36. Nxf6+ gxf6 37. Qf5+ Kg7 38. Qg4+ Kf8 39. Qc8+ Kg7 40. Qxa6 Qxc2 41.
Qb5 Qf2 42. Qb3 h5 43. a4 Qa7 44. Qb4 Qe3 45. Qa3 Qa7 46. a5 Qa6 47. Qb4 Qd3 48.
Qb6 Qc4+ 49. Ka3 Qd3+ 50. b3 Qxg3 51. a6 Qxf4 52. a7 Qc1+ 53. Kb4 Qd2+ 54. Kb5 Qd3+ 55. Kc6 Qc3+ 56. Kb7 Qf3+ 57. Kb8 Qf4+ 58. Qc7 Qb4+ 59.
Kc8 Qg4+ 60. Kd8 Qd4+ 61. Ke8 Qe4+ 62. Qe7 Qa8+ 63. Qd8 Qxa7 64. Qd3 Qb8+ 65. Ke7 Qb7+ 66. Kd6 Qb6+ 67. Kd7 Qb7+ 68. Kd6 Qb8+ 69. Kc6 Qe5 70. b4 h4 71. b5 Qe6+ 72. Kc7 h3 73. b6 Qe5+ 74. Kc8 h2 75. Qf1 Qc5+ 76. Kb7 Qd5+ 77.
Kc7 h1=Q 78. Qf2 Qhe4 79. Kc8 Qee6+ 80. Kb8 Qdd6+ 81. Ka7 Qa3+ 82. Kb8 Qe8+ 83. Kc7 Qee7+ 84. Kb8 Qd8+ 85. Kb7 Qae7+ 86. Ka6 Qa8+ 87. Kb5 Qd7+ 88. Kc4 Qad5+ 89. Kb4 Qd4+ 90. Qxd4 Qxd4+ 91. Kb5 Qd5+ 92. Ka6 f5 93. Ka7 f4 94. b7 Qxb7+ 95. Kxb7 f3 96. Kc8 f2 97. Kc7 f1=Q 98. Kc6 Qd1 99. Kc7 f5 100.
Kb8 f4 101. Kc7 f3 102. Kb6 f2 103. Kc5 f1=Q 104. Kb4 Qfe2 105. Ka5 Qec2 106. Ka6 Qdb1 107. Ka7 Qca2# 0-1

[Event "Late-Titled-Tuesday-Blitz-March-05-2024"]
[Site "Chess.com"]
[Date "2024.03.05"]
[Round "5"]
[White "MagnusCarlsen"]
[Black "Mr_Heisenberg13"]
[Result "1-0"]
[WhiteElo "3259"]
[BlackElo "2834"]
[TimeControl "180+1"]
[EndTime "14:57:33 PST"]
[Termination "MagnusCarlsen won by checkmate"]

1. Nf3 d5 2. g3 g6 3. Bg2 Bg7 4. O-O e5 5. d3 Ne7 6. Nbd2 O-O 7. Rb1 c5 8. a3 a5 9. a4 Nbc6 10. e4 f6 11. Re1 Be6 12. exd5 Nxd5 13. Nc4 Ndb4 14.
Nfd2 Rc8 15. Ne4 b6 16. Ned6 Rc7 17. c3 Nd5 18. Qb3 Rd7 19. Ne4 Ndb4 20. cxb4 Rxd3 21. Nxe5 Bxb3 22. Nxc6 Qd7 23. b5 Bxa4 24. Nc3 Bc2 25.
Ra1 Bb3 26. Be3 f5 27. h4 Re8 28. Kh2 Bxc3 29. bxc3 Bd5 30. Bxd5+ Qxd5 31. Bg5 Re4 32. Ne7+ Rxe7 33. Rxe7 Rd1 34. Rxd1 Qxd1 35. Re6 a4 36. Rxb6 Qc2 37. Be3 a3 38. Ra6 a2 39. b6 Qb1 40. b7 Qxb7 41. Rxa2 Qf3 42. Ra4 h6 43. Rf4 Qd5 44. Ra4 Qd3 45. Ra8+ Kf7 46. Ra7+ Ke6 47. Rg7 Kf6 48. Rc7 Qxc3 49. Rc6+ Kf7 50. Rxc5 Qb2 51.
h5 gxh5 52. Rxf5+ Kg6 53. Rc5 Qb7 54. Ra5 Kh7 55. Rxh5 Kg8 56. Rxh6 Qf3 57. Rh4 Kg7 58. Rf4 Qe2 59. Kg2 Kg6 60. g4 Qc2 61. Kg3 Qc7 62.
Kg2 Qc6+ 63. f3 Qc2+ 64. Bf2 Qd1 65. Re4 Qc2 66. Kg3 Qd1 67. f4 Qd3+ 68. Re3 Qd2 69. Re6+ Kf7 70. f5 Qd3+ 71. Be3 Qf1 72. Kh4 Qf3 73.
Kg5 Qd1 74. Rf6+ Kg7 75. Rg6+ Kf7 76. Bf4 Qd8+ 77. Kh5 Qh8+ 78. Bh6 Qa1 79. Rg7+ Kf6 80. Rg6+ Kf7 81. Bg5 Qh1+ 82. Bh4 Qa8 83. Rh6 Kg7 84.
f6+ Kf7 85. Rh7+ Ke6 86. Re7+ Kd6 87. Bg5 Qh8+ 88. Kg6 Qg8+ 89. Rg7 Qe6 90. Kh5 Qe1 91.
f7 Qh1+ 92. Kg6 Qb1+ 93. Kh6 Qh1+ 94. Kg6 Qb1+ 95. Kh5 Qh1+ 96. Bh4 Qd5+ 97. Kh6 Qd2+ 98. Kh7 Qc2+ 99. Kh8 Qc8+ 100. Rg8 Qc3+ 101. Kh7 Qd3+ 102. Rg6+ Kd7 103. f8=Q Qd5 104. Qd8# 1-0

[Event "Late-Titled-Tuesday-Blitz-March-05-2024"]
[Site "Chess.com"]
[Date "2024.03.05"]
[Round "5"]
[White "Qvalda"]
[Black "Pelusiansky"]
[Result "1/2-1/2"]
[WhiteElo "2441"]
[BlackElo "2561"]
[TimeControl "180+1"]
[EndTime "14:57:45 PST"]
[Termination "Game drawn by 50-move rule"]

1. d4 d5 2. Bf4 c6 3. e3 Nf6 4. c3 Bf5 5. Qb3 Qb6 6. Nf3 h6 7. Nbd2 Nbd7 8. h3 e6 9. Be2 Be7 10. O-O g5 11. Bh2 Rg8 12. Ne5 Nxe5 13. Bxe5 g4 14.
h4 Nd7 15. Bg3 h5 16. c4 Nf8 17. c5 Qxb3 18. Nxb3 Bd8 19. Bd6 Bc2 20. g3 Bxb3 21.
axb3 a6 22. b4 Rc8 23. Kh2 Be7 24. Bxe7 Kxe7 25. f3 f5 26. f4 Nd7 27. Bd3 Kd8 28. Ra3 Kc7 29. Rfa1 Ra8 30. Kg2 Rab8 31. Kf2 Nf6 32.
Ke2 Rgc8 33. Kd2 Kd8 34. Kc3 Ne8 35. Kd2 Nc7 36. Kc3 Ke7 37. Kd2 Ra8 38. Kc3 Ra7 39. Kd2 Rca8 40. Kc3 Kd7 41. Kd2 Kc8 42. Kc3 Kb8 43.
Kd2 Kc8 44. Kc3 Rb8 45. R1a2 b5 46. Ra5 Kb7 47. Ra1 Raa8 48. R5a2 Rf8 49. Ra3 Ne8 50.
R3a2 Nf6 51. Ra3 Ng8 52. R3a2 Nh6 53. Ra3 Nf7 54. R3a2 Nd8 55. Ra3 Ra7 56. Ra5 Nf7 57. R5a2 Rfa8 58. Ra3 Nd8 59. R3a2 Kc7 60. Ra3 Nb7 61.
R3a2 a5 62. bxa5 Rxa5 63. Bb1 Kb8 64. b4 Rxa2 65. Rxa2 Nd8 66. Rxa8+ Kxa8 67. Bc2 Kb7 68. Bb1 Kc7 69. Bc2 Nf7 70. Kd2 Nh6 71. Kc3 Ng8 72.
Kd2 Nf6 73. Kc3 Kd7 74. Kd2 Ke7 75. Kc3 Kf7 76. Kd2 Kg6 77. Kc3 Kf7 78. Kd2 Ke7 79.
Kc3 Nh7 80. Kd2 Nf8 81. Kc3 Kf6 82. Kd2 Ng6 83. Ke2 Ne7 84. Kd2 Ng8 85. Ke2 Kg7 86. Kd2 Ne7 87. Ke2 Kf6 88. Kd2 Kf7 89. Ke2 Ke8 90.
Kd2 Kd7 91. Ke2 Kc7 92. Kd2 Kb7 93. Ke2 Ng8 94. Kd2 Nf6 95. Ke2 Ne8 96. Kd2 Kc7 97. Ke2 Kd8 98. Kd2 Ke7 99. Ke2 Nc7 100. Kd2 Kf6 101. Bd3 Kg6 102. Bb1 Kh6 103. Bc2 Na6 104. Kc3 Nb8 105. Bd3 Nd7 106. Bb1 Kg7 107. Kd2 Kf6 108. Kc3 Nb8 109. Kd2 Ke7 110. Kc3 Nd7 111. Kd2 Nf8 112. Kc3 Kd7 113. Kd2 Kc7 114. Kc3 Ng6 115. Kd2 Kd7 116. Bc2 Ke7 1/2-1/2

[Event "Late-Titled-Tuesday-Blitz-March-05-2024"]
[Site "Chess.com"]
[Date "2024.03.05"]
[Round "6"]
[White "morte-negra"]
[Black "BebeBonito2022"]
[Result "0-1"]
[WhiteElo "2054"]
[BlackElo "2306"]
[TimeControl "180+1"]
[EndTime "14:59:10 PST"]
[Termination "BebeBonito2022 won by resignation"]

1. e4 e5 2. Nf3 Nc6 3. Bc4 Nf6 4. Ng5 d5 5. exd5 Na5 6. Bb5+ c6 7. dxc6 bxc6 8.
Qf3 Be7 9. O-O O-O 10. Re1 Nd5 11. Bxc6 Nxc6 0-1

[Event "Late-Titled-Tuesday-Blitz-March-05-2024"]
[Site "Chess.com"]
[Date "2024.03.05"]
[Round "6"]
[White "Alexei_Gubajdullin"]
[Black "Sjakkerntobi"]
[Result "1-0"]
[WhiteElo "2638"]
[BlackElo "2490"]
[TimeControl "180+1"]
[EndTime "15:00:24 PST"]
[Termination "Alexei_Gubajdullin won by resignation"]

1. Nf3 d5 2. g3 Nc6 3. Bg2 e5 4. d3 Be6 5. O-O Qd7 6. Nbd2 Bh3 7. e4 d4 8. Nc4 f6 9. Nfxe5 Nxe5 10. Nxe5 fxe5 11.
Qh5+ Qf7 12. Qxf7+ Kxf7 13. Bxh3 Nf6 14. f4 Bd6 15. fxe5 Bxe5 16. Rf5 Rhe8 17. Bf4 Bxf4 18. gxf4 g6 19. Rc5 c6 20. b4 a6 21. a4 Kg7 22.
Rb1 Nh5 23. Rf1 Rf8 24. f5 Nf4 25. Rxf4 1-0

[Event "Late-Titled-Tuesday-Blitz-March-05-2024"]
[Site "Chess.com"]
[Date "2024.03.05"]
[Round "6"]
[White "GoltsevDmitry2000"]
[Black "Irishchessman16"]
[Result "1-0"]
[WhiteElo "2705"]
[BlackElo "2532"]
[TimeControl "180+1"]
[EndTime "15:00:55 PST"]
[Termination "GoltsevDmitry2000 won by resignation"]

1. e4 d6 2. d4 e5 3. dxe5 dxe5 4. Qxd8+ Kxd8 5. Nf3 f6 6. Bc4 c6 7. Nc3 Kc7 8. Be3 Bg4 9. O-O-O Nd7 10. h3 Bh5 11.
Be6 Be8 12. Rd2 Nc5 13. Bxc5 Bxc5 14. Rhd1 Ne7 15. Na4 Bb4 16. c3 b5 17. Rd7+ Bxd7 18.
Rxd7+ Kb8 19. cxb4 bxa4 20. Rxe7 1-0

[Event "Late-Titled-Tuesday-Blitz-March-05-2024"]
[Site "Chess.com"]
[Date "2024.03.05"]
[Round "6"]
[White "TokChess"]
[Black "Goryachkina"]
[Result "0-1"]
[WhiteElo "2537"]
[BlackElo "2714"]
[TimeControl "180+1"]
[EndTime "15:01:11 PST"]
[Termination "Goryachkina won by resignation"]

1. d4 Nf6 2. c4 e6 3. Nf3 d5 4. Nc3 Bb4 5. e3 O-O 6. Bd3 dxc4 7. Bxc4 c5 8. O-O Nc6 9. a3 Ba5 10. dxc5 Bxc3 11. bxc3 Qxd1 12. Rxd1 Bd7 13. Rb1 Na5 14. Bb5 Rfd8 15. Kf1 Bxb5+ 0-1

[Event "Late-Titled-Tuesday-Blitz-March-05-2024"]
[Site "Chess.com"]
[Date "2024.03.05"]
[Round "6"]
[White "EsmeraldasAnderson03"]
[Black "rikchessmx"]
[Result "1-0"]
[WhiteElo "2516"]
[BlackElo "2294"]
[TimeControl "180+1"]
[EndTime "15:01:30 PST"]
[Termination "EsmeraldasAnderson03 won by resignation"]

1. d4 Nf6 2. c4 e6 3. Nc3 d5 4. cxd5 exd5 5. Bg5 Nbd7 6. e3 Be7 7. Nf3 O-O 8. Bd3 c6 9. Qc2 Re8 10. O-O g6 11.
Rab1 a5 12. a3 Ne4 13. Bxe4 Bxg5 14. Nxg5 Qxg5 15. Bf3 f5 16. b4 axb4 17. axb4 b5 18.
Nxd5 Ra6 19. Nc7 Nf6 20. Nxa6 Bxa6 21. Qxc6 Bc8 22. Qxb5 f4 23. Qxg5 1-0

[Event "Late-Titled-Tuesday-Blitz-March-05-2024"]
[Site "Chess.com"]
[Date "2024.03.05"]
[Round "6"]
[White "Midgardsormur"]
[Black "C_K_G"]
[Result "1-0"]
[WhiteElo "2456"]
[BlackElo "2174"]
[TimeControl "180+1"]
[EndTime "15:01:31 PST"]
[Termination "Midgardsormur won by resignation"]

1. Nf3 d5 2. c4 e6 3. e3 Nf6 4. Nc3 Be7 5. b3 c5 6. cxd5 exd5 7. d4 O-O 8. Be2 Nc6 9. O-O Bg4 10. dxc5 Bxc5 11. Bb2 Rc8 12. Rc1 Bxf3 13. Bxf3 d4 14. exd4 Nxd4 15. Ne4 Nxf3+ 16. Qxf3 Nxe4 17. Qxe4 Qe7 18.
Qg4 f6 19. b4 h5 20. Qc4+ 1-0

[Event "Late-Titled-Tuesday-Blitz-March-05-2024"]
[Site "Chess.com"]
[Date "2024.03.05"]
[Round "6"]
[White "Vse_po_kaify"]
[Black "zverr1"]
[Result "1-0"]
[WhiteElo "2413"]
[BlackElo "2574"]
[TimeControl "180+1"]
[EndTime "15:01:41 PST"]
[Termination "Vse_po_kaify won by checkmate"]

1. Nf3 b5 2. e3 a6 3. c4 bxc4 4.
Bxc4 Bb7 5. Bxf7+ Kxf7 6. Qb3+ d5 7. Qxb7 Nd7 8. Qxd5+ Ke8 9. Ng5 Nh6 10. Ne6 Qc8 11.
Qxa8 Qxa8 12. Nxc7+ Kd8 13. Nxa8 Kc8 14. b3 Kb7 15. Bb2 e5 16. Nc3 Kxa8 17. Nd5 Bd6 18. Rc1 Kb7 19. Ke2 Rf8 20. Rc4 Nf5 21. Rhc1 g5 22.
Rc7+ Bxc7 23. Rxc7+ Kb8 24. Rxd7 Nh4 25. Bxe5+ Kc8 26.
Nb6# 1-0

[Event "Late-Titled-Tuesday-Blitz-March-05-2024"]
[Site "Chess.com"]
[Date "2024.03.05"]
[Round "6"]
[White "Slovak_fighter2000"]
[Black "baag"]
[Result "0-1"]
[WhiteElo "2642"]
[BlackElo "2856"]
[TimeControl "180+1"]
[EndTime "15:01:49 PST"]
[Termination "baag won by resignation"]

1. c4 e6 2. Nf3 d5 3. d4 Nf6 4. Nc3 a6 5. cxd5 exd5 6. Bg5 Be6 7. Bxf6 Qxf6 8. Qb3 Ra7 9. e3 Qd8 10. Be2 c6 11. O-O Nd7 12. Qc2 Bd6 13. Bd3 g6 14. e4 dxe4 15. Nxe4 Be7 16. Nc5 Nxc5 17. dxc5 Qa5 18.
Rfc1 O-O 19. a3 Rd8 20. b4 Qc7 21. Bc4 Bf6 22. Rab1 Bf5 23. Qb3 Bxb1 24. Rxb1 Raa8 25. g3 Rd7 26. Re1 Re7 27. Rxe7 Qxe7 28. Kg2 Rd8 29. h4 h5 30. Qc2 Kg7 31. Qb3 Qe4 32. Bf1 Rd2 33.
Kg1 Rb2 34. Qd1 Rb1 35. Nd2 Qh1+ 36. Kxh1 Rxd1 0-1

[Event "Late-Titled-Tuesday-Blitz-March-05-2024"]
[Site "Chess.com"]
[Date "2024.03.05"]
[Round "6"]
[White "Emp3rador"]
[Black "SchmakAttack"]
[Result "0-1"]
[WhiteElo "2635"]
[BlackElo "2816"]
[TimeControl "180+1"]
[EndTime "15:01:57 PST"]
[Termination "SchmakAttack won by resignation"]

1. e4 c5 2. Nf3 d6 3. Bb5+ Bd7 4. Bxd7+ Qxd7 5. c4 Nf6 6. Nc3 Nc6 7. d4 cxd4 8. Nxd4 g6 9. f3 Bg7 10. Be3 O-O 11. O-O a6 12. a4 Rfc8 13. b3 e6 14. Nde2 d5 15. cxd5 exd5 16. Nxd5 Nxd5 17. Qxd5 Qxd5 18.
exd5 Re8 19. dxc6 Bxa1 20. Kf2 Be5 21. cxb7 Rab8 22. b4 Rxb7 23. Rb1 Bd6 24. b5 axb5 25. axb5 Rbe7 0-1

[Event "Late-Titled-Tuesday-Blitz-March-05-2024"]
[Site "Chess.com"]
[Date "2024.03.05"]
[Round "6"]
[White "Abund"]
[Black "Oleksandr_Bortnyk"]
[Result "0-1"]
[WhiteElo "2796"]
[BlackElo "3005"]
[TimeControl "180+1"]
[EndTime "15:02:03 PST"]
[Termination "Oleksandr_Bortnyk won by resignation"]

1. Nf3 Nf6 2. g3 b6 3. Bg2 Bb7 4. d4 g6 5. O-O Bg7 6. c4 O-O 7. Nc3 Ne4 8. Nxe4 Bxe4 9. Bf4 d6 10. Qd2 c5 11. d5 Re8 12. Bh6 Bxh6 13. Qxh6 Bxf3 14. Bxf3 Nd7 15. Rac1 b5 16. b3 Qa5 17. Rc2 bxc4 18. bxc4 Rab8 19. Rfc1 Rb4 20. h4 Reb8 21. Qg5 Nf6 22. h5 Rb2 23. Qe3 Kf8 24. Qh6+ Kg8 25. Qe3 Rxc2 26. Rxc2 Qe1+ 27. Kh2 Rb1 28. h6 Ng4+ 29.
Kh3 Nxe3 30. fxe3 Qf2 31. Rb2 Rxb2 0-1

[Event "Late-Titled-Tuesday-Blitz-March-05-2024"]
[Site "Chess.com"]
[Date "2024.03.05"]
[Round "6"]
[White "adricalderon8"]
[Black "ukchessbomber"]
[Result "0-1"]
[WhiteElo "2518"]
[BlackElo "2663"]
[TimeControl "180+1"]
[EndTime "15:02:18 PST"]
[Termination "ukchessbomber won by resignation"]

1. e4 b6 2. d4 Bb7 3. Bd3 d6 4. Qe2 Nd7 5. Nf3 g6 6. h4 Bg7 7. h5 e6 8. c3 Ne7 9. h6 Bf6 10.
Nbd2 O-O 11. Nc4 e5 12. d5 Bh8 13. Ne3 Nc5 14. Bc2 a5 15. Bd2 Ba6 16. c4 Bc8 17. O-O-O f5 18. Ng5 f4 19. Ng4 Nxd5 20. Nxh7 Kxh7 21.
exd5 Qg5 22. f3 Bxg4 23. fxg4 e4 24. Kb1 Rae8 25. g3 f3 26. Bxg5 fxe2 27. Rde1 Rf2 28.
Be3 Rg2 29. Bxc5 bxc5 30. Rhg1 Rxg1 31. Rxg1 Rf8 32. Bxe4 Rf1+ 0-1

[Event "Late-Titled-Tuesday-Blitz-March-05-2024"]
[Site "Chess.com"]
[Date "2024.03.05"]
[Round "6"]
[White "becemix"]
[Black "Byniolus"]
[Result "0-1"]
[WhiteElo "2473"]
[BlackElo "2785"]
[TimeControl "180+1"]
[EndTime "15:02:19 PST"]
[Termination "Byniolus won by resignation"]

1. e4 d6 2. d4 Nf6 3. Nc3 c6 4. a4 a5 5. Bg5 Qb6 6. Rb1 Nbd7 7. Nf3 e5 8. Be2 Be7 9. O-O O-O 10. h3 Re8 11. Be3 Qc7 12. Qd2 Nf8 13. d5 Ng6 14. Rfd1 h6 15. Bf1 Bd7 16. dxc6 Bxc6 17. Bd3 Rad8 18. Nd5 Bxd5 19. exd5 e4 20. Bb5 exf3 21. Bxe8 Rxe8 22. gxf3 Qd7 23. Kh2 Bd8 24. b3 Re5 25. c4 Rh5 0-1

[Event "Late-Titled-Tuesday-Blitz-March-05-2024"]
[Site "Chess.com"]
[Date "2024.03.05"]
[Round "6"]
[White "Teidi96"]
[Black "zano2023"]
[Result "1-0"]
[WhiteElo "2318"]
[BlackElo "2112"]
[TimeControl "180+1"]
[EndTime "15:02:26 PST"]
[Termination "Teidi96 won by resignation"]

1. e4 e5 2. Nf3 d6 3. d4 f5 4. Nc3 Nf6 5. dxe5 Nxe4 6. exd6 Bxd6 7. Bc4 Nxc3 8. bxc3 Qe7+ 9. Kf1 Be6 10. Bg5 Bxc4+ 11.
Kg1 Qe2 12. Qd4 Kf7 13. Re1 Nc6 14. Qh4 Qxc2 15. Qxc4+ Kg6 16. Re6+ 1-0

[Event "Late-Titled-Tuesday-Blitz-March-05-2024"]
[Site "Chess.com"]
[Date "2024.03.05"]
[Round "6"]
[White "fandebobbyfischer"]
[Black "giomar27"]
[Result "1-0"]
[WhiteElo "2645"]
[BlackElo "2412"]
[TimeControl "180+1"]
[EndTime "15:02:30 PST"]
[Termination "fandebobbyfischer won by checkmate"]

1. e4 g6 2. d4 Bg7 3. c3 a6 4. Bd3 d6 5. Nf3 Nd7 6. O-O b5 7. Re1 Bb7 8. a4 bxa4 9. Qxa4 e6 10. Bg5 Ne7 11. Nbd2 h6 12. Bh4 O-O 13. Bg3 Nb6 14.
Qc2 a5 15. h4 d5 16. h5 g5 17. e5 a4 18. Nh2 c5 19. Ng4 c4 20. Bh7+ Kh8 21. Nf6 Bxf6 22. exf6 Ng8 23. Bxg8 Kxg8 24. Nf3 Qxf6 25. Be5 Qf5 26. Qd2 f6 27. Bd6 Rfd8 28. Bc7 Nd7 29. Bxd8 Rxd8 30. Rxa4 e5 31. Ra7 Bc6 32.
dxe5 fxe5 33. Qe3 Re8 34. Nd4 Qf6 35. Nxc6 Qxc6 36. Qf3 e4 37. Qf5 Ne5 38. Qh7+ Kf8 39.
Qh8# 1-0

[Event "Late-Titled-Tuesday-Blitz-March-05-2024"]
[Site "Chess.com"]
[Date "2024.03.05"]
[Round "6"]
[White "Veleamater"]
[Black "TheMagician"]
[Result "1-0"]
[WhiteElo "2324"]
[BlackElo "2204"]
[TimeControl "180+1"]
[EndTime "15:02:34 PST"]
[Termination "Veleamater won by checkmate"]

1. g3 d5 2. Bg2 c6 3. d3 h6 4. Nf3 Bf5 5. O-O Nf6 6. Nc3 e6 7. h3 Be7 8. Ne5 O-O 9. e4 Bh7 10. f4 dxe4 11. dxe4 Qb6+ 12. Kh2 Rd8 13. Nd3 Bb4 14.
Qe1 Bxc3 15. bxc3 Nbd7 16. e5 Nd5 17. c4 Bxd3 18. cxd3 Ne7 19. Be3 c5 20. Rb1 Qa6 21.
Rxb7 Rac8 22. Rf2 Nf5 23. Bc1 Nb6 24. g4 Nh4 25. Bh1 Rxd3 26. Rc2 Nf3+ 27. Bxf3 Rxf3 28. Qe4 Rf1 29. f5 exf5 30. gxf5 Re8 31. e6 Rxf5 32. exf7+ Kh7 33. Qxf5+ g6 34. Qxg6+ Kxg6 35. fxe8=Q+ Kf5 36. Rf2# 1-0

[Event "Late-Titled-Tuesday-Blitz-March-05-2024"]
[Site "Chess.com"]
[Date "2024.03.05"]
[Round "6"]
[White "reevecanada"]
[Black "Quattroporte300"]
[Result "1-0"]
[WhiteElo "2621"]
[BlackElo "2468"]
[TimeControl "180+1"]
[EndTime "15:02:35 PST"]
[Termination "reevecanada won by checkmate"]

1. e4 c5 2. Nf3 d6 3. Bb5+ Bd7 4. Bxd7+ Qxd7 5. O-O Nc6 6. Re1 Nf6 7. c3 e6 8. d4 cxd4 9. cxd4 d5 10. e5 Ne4 11.
a3 Be7 12. Nbd2 Nxd2 13. Bxd2 O-O 14. Rc1 Rfc8 15. Rc3 b5 16. Rd3 a5 17. h4 b4 18.
a4 Na7 19. Ng5 h6 20. Nh3 Rc4 21. Qg4 Kh8 22. Rg3 Rg8 23. Bxh6 g6 24. Bg5 Nc6 25. Qf4 Rxd4 26. Bf6+ Bxf6 27. Qh6# 1-0

[Event "Late-Titled-Tuesday-Blitz-March-05-2024"]
[Site "Chess.com"]
[Date "2024.03.05"]
[Round "6"]
[White "dimoni64"]
[Black "prochn"]
[Result "0-1"]
[WhiteElo "1978"]
[BlackElo "2442"]
[TimeControl "180+1"]
[EndTime "15:02:39 PST"]
[Termination "prochn won by checkmate"]

1. d4 d5 2. c4 c6 3. Nc3 Nf6 4. Nf3 dxc4 5. a4 Bf5 6. Ne5 Nbd7 7. Nxc4 Qc7 8. g3 e5 9. dxe5 Nxe5 10. Bf4 Nfd7 11.
Bg2 g5 12. Nxe5 gxf4 13. Nxd7 Bxd7 14. O-O O-O-O 15. Qd4 Bd6 16. Qxa7 h5 17. Rac1 h4 18.
Nb5 Qb8 19. Nxd6+ Qxd6 20. Rfd1 Qb8 21. Qxb8+ Kxb8 22. gxf4 h3 23. Bf3 Rdg8+ 24. Kh1 Bg4 25. Rd7 Bxf3+ 26. exf3 Rg2 27. Rf1 Re8 28. Rxf7 Rxf2 29. Rg1 Ree2 30. Rf8+ Ka7 31. Rc1 Rxh2+ 32. Kg1 Reg2+ 33. Kf1 Rh1# 0-1

[Event "Late-Titled-Tuesday-Blitz-March-05-2024"]
[Site "Chess.com"]
[Date "2024.03.05"]
[Round "6"]
[White "trriinu"]
[Black "WPWPWP-2015"]
[Result "0-1"]
[WhiteElo "2268"]
[BlackElo "2504"]
[TimeControl "180+1"]
[EndTime "15:02:41 PST"]
[Termination "WPWPWP-2015 won by resignation"]

1. e4 c5 2. Nf3 d6 3. Bb5+ Nc6 4. O-O Nf6 5. Re1 Qb6 6. Bf1 e5 7. c3 Be7 8. Na3 O-O 9. Nc4 Qd8 10. d4 cxd4 11.
cxd4 Bg4 12. dxe5 dxe5 13. Qxd8 Rfxd8 14. Nfxe5 Nxe5 15. Nxe5 Bb4 16. Re3 Rd1 17. Rd3 Re1 18.
h3 Be2 19. Rb3 Rxf1+ 20. Kh2 Bd6 0-1